 Dungeon Crawl Stone Soup version 0.29.0-4-gdea44cf6ec (webtiles) character file.

Game seed: 3467118581057942667

87 qw the Chopper (level 4, -3/26 HPs)
             Began as a Tengu Warper on Aug 28, 2022.
             Slain by a scorpion (4 damage)
             ... on level 3 of the Dungeon.
             The game lasted 00:00:15 (2348 turns).

qw the Chopper (Tengu Warper)                       Turns: 2348, Time: 00:00:16

Health: -3/26      AC:  7    Str: 12    XL:     4   Next: 51%
Magic:  7/7        EV: 10    Int: 18    God:
Gold:   233        SH:  0    Dex: 12    Spells: 7/7 levels left

rFire   . . .      SeeInvis .   Y - +0 hand axe
rCold   . . .      Faith    .   (no shield)
rNeg    . . .      Spirit   .   g - +0 scale mail
rPois   .          Reflect  .   (helmet restricted)
rElec   +          Harm     .   (no cloak)
rCorr   .          Rampage  .   d - +0 pair of gloves
Will    .....                   (boots unavailable)
Stlth   ..........              (no amulet)
HPRegen 0.08/turn               (no ring)
MPRegen 0.10/turn               (no ring)

@: no status effects
A: beak, talons 3, clever 1, low MP 1, electricity resistance, sturdy frame 1
a: no special abilities


You were on level 3 of the Dungeon.
You visited 1 branch of the dungeon, and saw 3 of its levels.

You collected 233 gold pieces.


Innate Abilities, Weirdness & Mutations

You have a beak for a mouth.
You have claws for feet.
Your mind is acute. (Int +4, Str/Dex -1)
Your magical capacity is low. (-10% MP)
You are resistant to electric shocks. (rElec)
Your movements are slightly less encumbered by armour. (ER -2)


   Skills:
 - Level 2.0 Fighting
 + Level 5.1 Axes
 - Level 1.0 Throwing
 - Level 1.1 Armour
 - Level 2.1 Dodging
 - Level 2.0 Spellcasting
 - Level 2.4 Translocations


You had 7 spell levels left.
You didn't know any spells.
Your spell library contained the following spells:

 Spells                   Type           Power      Damage    Failure   Level
 Blink                    Tloc           20%        N/A       30%         2
 Gell's Gravitas          Tloc           10%        N/A       52%         3
 Lesser Beckoning         Tloc           10%        N/A       52%         3
 Teleport Other           Tloc           10%        N/A       52%         3
 Manifold Assault         Tloc           10%        N/A       99%         5

Inventory:

Hand Weapons
 c - a +0 whip
 Y - a +0 hand axe (weapon)
Missiles
 b - 3 boomerangs (quivered)
Armour
 d - a +0 pair of gloves (worn)
 g - a +0 scale mail (worn)
 l - a +0 plate armour
Jewellery
 j - a ring of willpower
Scrolls
 e - 3 scrolls of identify
 n - a scroll of poison {unknown}
 p - a scroll of immolation {unknown}
Potions
 a - a potion of attraction {unknown}
 f - a potion of flight {unknown}
 h - 2 potions of heal wounds {unknown}
 i - a potion of magic {unknown}
 k - a potion of resistance {unknown}
 m - a potion of might {unknown}
 o - a potion of degeneration {unknown}

Dungeon Overview and Level Annotations

Branches:
Dungeon (3/15)

Altars:


Message History

The scorpion is moderately wounded.
You feel sick. The scorpion completely misses you.
You hit the scorpion. Your kick misses the scorpion.
Your peck misses the scorpion.
The scorpion is moderately wounded.
You feel sick.
You are no longer poisoned.
The scorpion stings you but does no damage.
The scorpion closely misses you.
You hit the scorpion.
You claw the scorpion, but do no damage.
You peck the scorpion, but do no damage.
The scorpion is moderately wounded.
The scorpion closely misses you.
You closely miss the scorpion. Your kick misses the scorpion.
You peck the scorpion, but do no damage.
The scorpion is moderately wounded.
The scorpion barely misses you.
You hit the scorpion but do no damage.
The scorpion is moderately wounded.
The scorpion stings you but does no damage.
You hit the scorpion but do no damage.
You claw the scorpion, but do no damage.
The scorpion is moderately wounded.
The scorpion stings you but does no damage.
You hit the scorpion. Your kick misses the scorpion.
The scorpion is heavily wounded.
The scorpion barely misses you. The scorpion stings you.
You barely miss the scorpion.
You claw the scorpion, but do no damage.
You peck the scorpion, but do no damage.
The scorpion is heavily wounded.
The scorpion barely misses you.
You barely miss the scorpion.
The scorpion is heavily wounded.
The scorpion stings you but does no damage.
You hit the scorpion. You claw the scorpion. Your peck misses the scorpion.
The scorpion is almost dead.
The scorpion stings you.
You die...

.# ###..#........#
.# #....#........#
## #....#........#
#......>#######
###....##.########
#.'...............
#.#....##.#######.
#.#######.# #. #@#
#.# #. #....[s.#
#.# #. ...###..#
#.# #. .... #.# ##
.8..# ..# #...##
####


You could see a scorpion.

Vanquished Creatures
  3 adders
  2 worms (D:3)
  An orc (D:3)
  4 endoplasms
  4 giant cockroaches
  6 goblins
  5 hobgoblins
  9 kobolds
  A quokka (D:2)
  2 ball pythons (D:1)
  2 bats
  5 frilled lizards
  11 rats
55 creatures vanquished.

Notes
Turn   | Place    | Note
-------+----------+-------------------------------------------
     0 | D:1      | qw the Tengu Warper began the quest for the Orb.
     0 | D:1      | Reached XP level 1. HP: 12/12 MP: 4/4
     0 | D:1      | 0 ||| qw: Version: 0.1-a-89-g26bdef1
     0 | D:1      | 0 ||| qw: Game counter: 2061
     0 | D:1      | 0 ||| qw: Always use a shield: true
     0 | D:1      | 0 ||| qw: God list: Okawaru
     0 | D:1      | 0 ||| qw: Allow faded altars: false
     0 | D:1      | 0 ||| qw: Do Orc after D:15 true
     0 | D:1      | 0 ||| qw: Do second Lair branch before Depths: true
     0 | D:1      | 0 ||| qw: Lair rune preference: random
     0 | D:1      | 0 ||| qw: Plans: Normal
     0 | D:1      | 0 ||| PLANNING D:1-11
   156 | D:1      | Reached skill level 3 in Axes
   156 | D:1      | Reached XP level 2. HP: 17/17 MP: 6/6
   307 | D:1      | 307 ||| Stepping ~*~*~tactically~*~*~ (stealth).
   517 | D:1      | Reached XP level 3. HP: 21/21 MP: 7/7
   672 | D:1      | Found a faded altar of an unknown god.
  1011 | D:1      | 1011 ||| UPGRADING to +0 pair of gloves.
  1016 | D:1      | 1016 ||| UPGRADING to +0 scale mail.
  1026 | D:1      | 1026 ||| DROPPING +0 leather armour.
  1027 | D:1      | 1027 ||| READING scroll labelled TEFUBRAROSK.
  1028 | D:1      | 1028 ||| DRINKING 2 fizzy blue potions.
  1029 | D:1      | 1029 ||| DROPPING scroll of blinking.
  1030 | D:1      | 1030 ||| DROPPING potion of brilliance.
  1105 | D:2      | 1105 ||| Stepping ~*~*~tactically~*~*~ (stealth).
  1110 | D:2      | Reached skill level 4 in Axes
  1257 | D:2      | 1257 ||| DROPPING +0 club.
  1567 | D:2      | Reached XP level 4. HP: 26/26 MP: 8/8
  1584 | D:2      | 1584 ||| Stepping ~*~*~tactically~*~*~ (stealth).
  1587 | D:2      | 1587 ||| Stepping ~*~*~tactically~*~*~ (stealth).
  1695 | D:2      | 1695 ||| READING scroll labelled JULUPHIFOS.
  1698 | D:2      | 1698 ||| READING scroll labelled YTIOKO KACA.
  1699 | D:2      | 1699 ||| READING 3 scrolls labelled YBIVVI TIUCK.
  1700 | D:2      | 1700 ||| DRINKING 2 pink potions.
  1700 | D:2      | Gained mutation: You sometimes lose your temper in combat.
                  | [potion of mutation]
  1700 | D:2      | Gained mutation: You have supernaturally acute eyesight.
                  | (SInv) [potion of mutation]
  1701 | D:2      | 1701 ||| DRINKING potion of mutation.
  1701 | D:2      | Lost mutation: You sometimes lose your temper in combat.
                  | [potion of mutation]
  1701 | D:2      | Lost mutation: You have supernaturally acute eyesight.
                  | (SInv) [potion of mutation]
  1701 | D:2      | Gained mutation: Your magical capacity is low. (-10% MP)
                  | [potion of mutation]
  1701 | D:2      | Gained mutation: Your mind is acute. (Int +4, Str/Dex -1)
                  | [potion of mutation]
  1701 | D:2      | Gained mutation: You are resistant to electric shocks.
                  | (rElec) [potion of mutation]
  1701 | D:2      | Gained mutation: Your movements are slightly less
                  | encumbered by armour. (ER -2) [potion of mutation]
  1702 | D:2      | 1702 ||| DRINKING 2 glowing red potions.
  1740 | D:2      | 1740 ||| DROPPING 2 scrolls of amnesia.
  1741 | D:2      | 1741 ||| DROPPING potion of lignification.
  1867 | D:3      | 1867 ||| FLEEEEING.
  1868 | D:3      | 1868 ||| FLEEEEING.
  1869 | D:3      | 1869 ||| FLEEEEING.
  1870 | D:3      | 1870 ||| FLEEEEING.
  1871 | D:3      | 1871 ||| FLEEEEING.
  1872 | D:3      | 1872 ||| FLEEEEING.
  1881 | D:3      | 1881 ||| FLEEEEING.
  1882 | D:3      | 1882 ||| FLEEEEING.
  1883 | D:3      | 1883 ||| FLEEEEING.
  1884 | D:3      | 1884 ||| FLEEEEING.
  1885 | D:3      | 1885 ||| STAIRDANCE
  1957 | D:2      | 1957 ||| READING scroll labelled WAFAKIR SIYGG.
  1968 | D:3      | Reached skill level 5 in Axes
  1968 | D:3      | 1968 ||| STAIRDANCE
  2330 | D:3      | Noticed a scorpion
  2345 | D:3      | HP: 1/26 [scorpion (6)]
  2348 | D:3      | Slain by a scorpion

Levels and vault maps discovered:
D:1:      dpeg_arrival_rooms_a, layout_basic,
          dreamdust_ecumenical_altar_angels_and_demons, minmay_lizard_pond
D:2:      layout_loops_ring, minmay_split_cup_small
D:3:      layout_basic, mrwooster_statue_mirror

Skill      XL: |  1  2  3  4 |
---------------+-------------+-----
Axes           | 3 4 5 |  5.1
Fighting       | |  2.0
Throwing       | |  1.0
Armour         | |  1.1
Dodging        | |  2.1
Spellcasting   | |  2.0
Translocations | |  2.4

Action                   |  1- 3 |  4- 6 || total
-------------------------+-------+-------++-------
Melee: Hand axe          |    77 |    49 ||   126
       Kick              |    15 |     7 ||    22
       Peck              |     9 |     6 ||    15
       Punch             |     1 |       ||     1
Throw: Boomerang         |     7 |    10 ||    17
  Use: Scroll            |     1 |     4 ||     5
       Potion            |     1 |     3 ||     4
Armor: Leather armour    |    10 |       ||    10
       Scale mail        |    10 |    16 ||    26
Dodge: Dodged            |    29 |    25 ||    54

Table legend:
 A = Non-vault XP
 B = Vault XP
 C = Vault XP percentage of total XP
 D = Non-vault monster count
 E = Vault monster count
 F = Vault count percentage of total count
                 A         B        C        D         E       F
            +---------+---------+-------+---------+---------+-------
      Total |     118 |       7 |   5.6 |      49 |       6 |  10.9
            +---------+---------+-------+---------+---------+-------
        D:1 |      36 |       3 |   7.7 |      24 |       3 |  11.1
        D:2 |      44 |       4 |   8.3 |      14 |       3 |  17.6
        D:3 |      38 |       0 |   0.0 |      11 |       0 |   0.0
            +---------+---------+-------+---------+---------+-------
